AoeStats
← Doak

Oasis

509749317Analyzed
2v2 RM · 4d ago on Sep 27, 2026· 14m 45s· 4 players
Game mode
Random Map
Map size
Medium (4 player)
Population
200
Speed
Normal
Resources
Standard
Victory
Conquest
Starting age
Dark Age
Ending age
Imperial Age
RankedLock teamsTeams togetherTeam positionsShared explorationLock speedFull tech treeHidden civsTurbo modeCheats
Victory
Defeat
🇬🇧 Britons · United Kingdom
1424
+13
🇺🇸 Khitans · United States
1378
+15
🇺🇸 Saxons · United States
1365
-14
🇺🇸 Danes · United States
1349
-14
Supahfly
8:26 Loom
10:40 Feudal Age
14:03 Double-Bit Axe
RustinCohlex
8:38 Loom
10:25 Feudal Age
16:17 Castle Age
14:26 Double-Bit Axe
some.spiced.ham
9:54 Feudal Age
14:48 Forging
Doak
9:34 Feudal Age
7:50 Loom
10:08 Double-Bit Axe
12:09 Fletching
14:12 Padded Archer Armor
Connection lost

Rejoining the realm…

Still unreachable

The connection could not be restored.

Session expired

The server has moved on; the page needs a fresh start.